 Dungeon Crawl Stone Soup version 0.28.0-53-g5a82cb258f (webtiles) character file.

Game seed: 16821434465510285716

1783 Zeld the Fighter (level 8, -3/73 (75) HPs)
             Began as a Minotaur Berserker on May 23, 2022.
             Was a Believer of Trog.
             Slain by a two-headed ogre
             ... wielding a +0 giant spiked club
              (31 damage)
             ... on level 7 of the Dungeon.
             The game lasted 00:04:25 (5672 turns).

Zeld the Fighter (Minotaur Berserker)               Turns: 5672, Time: 00:04:26

HP:   -3/73 (75)    AC: 14    Str: 24    XL:     8   Next: 81%
MP:   7/7           EV:  8    Int:  4    God:    Trog [**....]
Gold: 193           SH:  0    Dex: 10    Spells: 7/7 levels left

rFire   . . .      SeeInvis .   a - +2 battleaxe
rCold   . . .      Faith    .   (shield currently unavailable)
rNeg    . . .      Spirit   .   f - +0 plate armour
rPois   .          Reflect  .   (helmet restricted)
rElec   .          Harm     .   (no cloak)
rCorr   .          Rampage  .   (no gloves)
Will    .....                   s - +0 pair of boots
Stlth   ..........              (no amulet)
HPRegen 0.22/turn               (no ring)
MPRegen 0.10/turn               (no ring)

@: lightly drained
A: horns 2, retaliatory headbutt
a: Renounce Religion, Berserk, Trog's Hand


You were on level 7 of the Dungeon.
You worshipped Trog.
Trog was pleased with you.
You visited 2 branches of the dungeon, and saw 8 of its levels.

You collected 280 gold pieces.
You spent 87 gold pieces at shops.

Inventory:

Hand Weapons
 a - a +2 battleaxe (weapon)
Armour
 f - a +0 plate armour (worn)
 s - a +0 pair of boots (worn)
Scrolls
 g - 5 scrolls of identify {unknown}
 i - a scroll of amnesia {unknown}
 k - 4 scrolls of teleportation {unknown}
 l - 2 scrolls of brand weapon {unknown}
 n - a scroll of immolation {unknown}
 t - a scroll of fear {unknown}
 u - a scroll of fog {unknown}
 v - a scroll of silence {unknown}
 w - a scroll of torment {unknown}
 x - 2 scrolls of noise {unknown}
Potions
 b - 3 potions of invisibility {unknown}
 c - 2 potions of cancellation {unknown}
 d - 2 potions of degeneration {unknown}
 e - 4 potions of heal wounds {unknown}
 h - a potion of ambrosia {unknown}
 j - 3 potions of haste {unknown}
 m - a potion of lignification {unknown}
 o - a potion of might {unknown}
 p - a potion of magic {unknown}
 q - a potion of mutation {unknown}
 r - 2 potions of attraction {unknown}


   Skills:
 * Level 8.7 Fighting
 * Level 8.6 Axes
 + Level 6.0 Armour
 + Level 5.4 Dodging


You had 7 spell levels left.
You didn't know any spells.
Your spell library was empty.

Dungeon Overview and Level Annotations

Branches:
Dungeon (7/15)             Temple (1/1) D:4

Altars:
Cheibriados
Dithmenos
Elyvilon
Fedhas
Gozag
Hepliaklqana
Kikubaaqudgha
Makhleb
Nemelex Xobeh
Okawaru
Qazlal
Ru
Sif Muna
Trog
Uskayaw
Vehumet
Wu Jian
Xom
Yredelemnul
Zin
The Shining One

Shops:
D:4 *((


Innate Abilities, Weirdness & Mutations

You have a pair of horns on your head.
You reflexively headbutt those who attack you in melee.


Message History

You see here a +0 flail.
There is a stone staircase leading down here.
You start resting.
You start resting.
HP restored.
You climb downwards.
There is a stone staircase leading up here.
Key pressed, stopping explore.
No target in view!
A two-headed ogre is nearby!
A two-headed ogre is nearby!
You hit the two-headed ogre.
Your headbutt misses the two-headed ogre.
The two-headed ogre is lightly wounded.
The two-headed ogre hits you with a +0 giant spiked club.
The two-headed ogre hits you with a +0 giant club!
You slash the two-headed ogre!
The two-headed ogre is moderately wounded.
The two-headed ogre closely misses you.
The two-headed ogre hits you with a +0 giant club!
You hit the two-headed ogre but do no damage.
Your headbutt misses the two-headed ogre.
The two-headed ogre is moderately wounded.
The two-headed ogre hits you but does no damage.
The two-headed ogre hits you with a +0 giant club!
You slash the two-headed ogre!
The two-headed ogre is heavily wounded.
The two-headed ogre hits you with a +0 giant spiked club!
The two-headed ogre barely misses you.
You are too injured to fight recklessly!
You are too injured to fight recklessly!
You slice the two-headed ogre!!
The two-headed ogre is severely wounded.
The two-headed ogre hits you with a +0 giant spiked club!
The two-headed ogre barely misses you.
Unknown command.
You hit the two-headed ogre.
The two-headed ogre is severely wounded.
The two-headed ogre hits you with a +0 giant spiked club!!
You die...

#.#####################.#.####
###.##..........#.............#
#.....)......#.##.#######.#.#.#.
#.#.##)#####.#.........#..#.#.#.
#.#.##)#####.#..#.####.#..#.#.#.
#.#..[......>..........#..#.#.#.
#.####)#####.#..######.#.##.#.#.
#.#........#.#..#......†....#.#.
#.#.##.###.#.#.@O.#.###.=####.#.
#.#.##+###+#....................
##.#.#........##.#.###.##.##O###.
.#.#.#........##(#.# #.##..<...#.
.#.#.'........##.#.# #.....#.#.#.
.#.#.#........##.#.# ####....#...
.#.#.+.........#.#.######....###.
.#.#.#.......###.#(..........# #.
.#.#.#......## #.#..######.#.###.


You could see a two-headed ogre.

Vanquished Creatures
  A steam dragon (D:6)
  A water moccasin (D:7)
  2 sky beasts
  3 ice beasts
  A necrophage (D:5)
  2 ogres (D:4)
  A phantom (D:6)
  A wyvern zombie (D:5)
  4 wights (D:7)
  A howler monkey (D:6)
  2 jellies
  A centaur zombie (D:6)
  3 orc priests
  2 centaur skeletons
  A hound (D:6)
  Natasha (twice) (D:3)
  2 orc wizards (D:6)
  2 hound zombies (D:5)
  3 adders
  2 shadow imps (D:6)
  2 white imps
  2 worms
  A dart slug (D:3)
  13 orcs
  7 ball pythons
  3 endoplasms
  3 giant cockroaches
  4 jackals (D:3)
  6 kobolds
  2 quokkas
  5 bats
  5 frilled lizards
  6 goblins
  4 rats
100 creatures vanquished.

Notes
Turn   | Place    | Note
-------+----------+-------------------------------------------
     0 | D:1      | Zeld the Minotaur Berserker began the quest for the Orb.
     0 | D:1      | Reached XP level 1. HP: 19/19 MP: 0/0
   431 | D:1      | Reached XP level 2. HP: 25/27 MP: 1/1
  1174 | D:3      | Reached XP level 3. HP: 33/33 MP: 2/2
  1248 | D:3      | Reached ** piety under Trog
  1251 | D:3      | Found a faded altar of an unknown god.
  1461 | D:3      | Noticed Natasha
  1472 | D:3      | Killed Natasha
  1473 | D:3      | Reached XP level 4. HP: 32/41 MP: 3/3
  1531 | D:3      | Noticed Natasha
  1542 | D:3      | Killed Natasha
  2048 | D:4      | Noticed an ogre
  2053 | D:4      | Killed an ogre
  2054 | D:4      | Reached skill level 5 in Fighting
  2054 | D:4      | Reached skill level 5 in Axes
  2054 | D:4      | Reached XP level 5. HP: 48/48 MP: 4/4
  2101 | D:4      | Found a staircase to the Ecumenical Temple.
  2114 | Temple   | Entered the Ecumenical Temple
  2328 | D:4      | Found Bora's Antique Weapon Shoppe.
  2377 | D:4      | Reached XP level 6. HP: 56/56 MP: 5/5
  2472 | D:4      | Found Heiclius's Weapon Boutique.
  2526 | D:4      | Found a white marble altar of Elyvilon.
  2605 | D:4      | Found Couqur's Assorted Antiques.
  2611 | D:4      | Bought a scroll labelled ENO AGGISOCLYS for 30 gold pieces
  2611 | D:4      | Bought a scroll labelled ZAJESO WUSTRIU for 30 gold pieces
  2611 | D:4      | Bought a fuming blue potion for 27 gold pieces
  2656 | D:4      | Found a sacrificial altar of Ru.
  2762 | D:4      | Found a glowing golden altar of the Shining One.
  2871 | D:5      | Entered Level 5 of the Dungeon
  2883 | D:5      | Noticed an ice beast
  2914 | D:5      | Noticed a sky beast
  2929 | D:5      | Killed a sky beast
  2930 | D:5      | Reached XP level 7. HP: 47/64 MP: 6/6
  3555 | D:5      | Reached skill level 5 in Armour
  3707 | D:6      | Reached XP level 8. HP: 56/73 MP: 7/7
  4315 | D:6      | Reached skill level 5 in Dodging
  4318 | D:6      | Reached *** piety under Trog
  4387 | D:6      | Found a shimmering blue altar of Sif Muna.
  4423 | D:6      | Found an iron altar of Okawaru.
  5345 | D:7      | Noticed a two-headed ogre
  5672 | D:7      | Slain by a two-headed ogre

Illustrated notes

Levels and vault maps discovered:
D:1:      tarquinn_simple_flora_water_a, layout_loops_cross
D:2:      layout_rooms
D:3:      layout_basic, nicolae_ecumenical_snake_handling, grunt_decor_junction,
          uniq_natasha
D:4:      layout_rooms, nicolae_tso_carved_into_rock, nicolae_ru_path_of_blood,
          elyvilon_altar_5, minmay_temple_entry_proselytizer, serial_shops,
          nicolae_take_the_stairs, kennysheep_little_box, kennysheep_mini_moat
D:5:      layout_cave_pools
D:6:      layout_rooms, nicolae_overflow_crystal_walls,
          mainiacjoe_overflow_surrounded_room
D:7:      layout_basic, uniq_crazy_yiuf_cottage
Temple:   compressed_dpeg_circular_temple

Skill      XL: |  1  2  3  4  5  6  7  8 |
---------------+-------------------------+-----
Fighting       | 4 5 6 7 8 |  8.7
Axes           | 4 5 6 7 8 |  8.6
Armour         | 3 4 5 6 |  6.0
Dodging        | 3 4 5 |  5.4

Action                   |  1- 3 |  4- 6 |  7- 9 || total
-------------------------+-------+-------+-------++-------
Melee: Hand axe          |    86 |    84 |   141 ||   311
       Headbutt          |     7 |    16 |    21 ||    44
       Punch             |     1 |       |       ||     1
       Battleaxe         |       |       |    11 ||    11
Invok: Berserk           |       |     1 |     1 ||     2
Armor: Animal skin       |     3 |       |       ||     3
       Plate armour      |    42 |    64 |   101 ||   207
Dodge: Dodged            |    49 |    28 |    64 ||   141
